[Event "Team 45 45 League T75"]
[Site "Internet Chess Club"]
[Date "2018.01.27"]
[Round "6"]
[White "Newbao"]
[Black "Gilguli"]
[Result "0-1"]
[WhiteElo "1348"]
[BlackElo "1368"]
[Opening "Ruy Lopez: Berlin defense, 4.O-O, d6"]
[ECO "C66"]
[Time "12:11:54"]
[TimeControl "2700+45"]

1. e4 e5 2. Nf3 Nc6 3. Bb5 Nf6 4. O-O d6 5. Re1 Bd7 6. c3 a6 7. Ba4 Be7 8. d4 b5
9. Bc2 exd4 10. cxd4 Bg4 11. d5 Ne5 12. Bf4 Nxf3+ 13. gxf3 Bh5 14. Bg3 O-O 15.
Nd2 Nd7 16. Nf1 Ne5 17. Bxe5 dxe5 18. Ng3 Bg6 19. Qd2 h5 20. Qe2 h4 21. Nh1 Bh5
22. Red1 Bd6 23. Qe3 Qf6 24. Kf1 Bxf3 25. Ke1 Bxh1 26. Kd2 Bf3 27. Rf1 Qf4 28.
Qxf4 exf4 29. a3 Bg2 30. Rg1 f3 31. Rae1 Bf4+ 32. Re3 Bxe3+ 33. Kxe3 Rfe8 34. a4
f5 35. Kd4 Rad8 36. exf5 Re2 37. Bd3 Rxb2 38. axb5 axb5 39. Kc3 Rxf2 40. Bxb5
Rxd5 41. Bc4 c6 42. Bxd5+ cxd5 43. Kd4 Kf7 44. Kxd5 Kf6 45. Ke4 Re2+ 46. Kd3
Kxf5 47. Kd4 h3 48. Kd3 Kf4 49. Kd4 f2 50. Ra1 f1=Q 51. Rxf1+ Bxf1 52. Kd3 Rxh2+
53. Kd4 Rd2+ 54. Kc5 Ke5 55. Kc6 Bg2+ 56. Kc5 Rc2+ 57. Kb4 Kd4 58. Kb5 Bf1+ 59.
Kb6 Kd5 60. Kb7 Kd6 61. Kb6 Rb2+ 62. Ka5 Kc5 63. Ka4 Kc4 64. Ka3 Kc3 65. Ka4 Rb1
66. Ka5 h2 67. Ka4 h1=Q 68. Ka5 Qa8# {White checkmated} 0-1

[Event "Team 45 45 League T75"]
[Site "Internet Chess Club"]
[Date "2018.01.29"]
[Round "6"]
[White "bardu"]
[Black "creativechesski"]
[Result "1-0"]
[WhiteElo "1348"]
[BlackElo "1365"]
[Opening "Grünfeld: exchange, Spassky variation"]
[ECO "D87"]
[Time "21:03:11"]
[TimeControl "2700+45"]

1. d4 Nf6 2. c4 g6 3. Nc3 d5 4. cxd5 Nxd5 5. e4 Nxc3 6. bxc3 Bg7 7. Bc4 c5 8.
Ne2 O-O 9. O-O Nc6 10. Be3 Qc7 11. Rc1 Rd8 12. Bf4 e5 13. Bg5 Rd6 14. Bd5 cxd4
15. cxd4 Qb6 16. Rb1 Qa6 17. dxe5 Nxe5 18. Qc2 Rb6 19. Nf4 h6 20. Bd8 Rxb1 21.
Rxb1 g5 22. Nh5 Nc6 23. Bf6 Bxf6 24. Nxf6+ Kg7 25. Ne8+ Kf8 26. Nc7 Qa5 27. Nxa8
Bd7 28. Bxc6 Bxc6 29. Qc4 Qe5 30. Rd1 Qb8 31. Qc5+ Kg7 32. Qd4+ Kh7 33. Qd8 Qe5
34. f3 Qc5+ 35. Qd4 Qa5 36. Qf6 Qxa2 37. Nc7 Qc4 38. Qf5+ Kg7 39. Nd5 Qc5+ 40.
Kh1 Qd6 41. e5 Qd8 42. Qf6+ Qxf6 43. Nxf6 Kg6 44. Rd8 Kf5 45. Rh8 Kxe5 46. Rxh6
Kf5 47. Ng4 a5 48. Rf6# {Black checkmated} 1-0

[Event "Team 45 45 League T75"]
[Site "Internet Chess Club"]
[Date "2018.01.29"]
[Round "6"]
[White "az2112"]
[Black "liujf"]
[Result "1-0"]
[WhiteElo "1588"]
[BlackElo "1511"]
[Opening "Réti: King's Indian attack"]
[ECO "A05"]
[Time "19:30:52"]
[TimeControl "2700+45"]

1. Nf3 Nf6 2. g3 g6 3. Bg2 Bg7 4. O-O O-O 5. d3 d6 6. e4 c5 7. Re1 Nc6 8. c3 b5
9. e5 Nd7 10. exd6 exd6 11. Bf4 Nb6 12. d4 Bb7 13. Na3 b4 14. Nb5 Nc8 15. dxc5
dxc5 16. Nc7 Rb8 17. Nd5 Ra8 18. Bg5 Qa5 19. Bf6 Bxf6 20. Nxf6+ Kg7 21. Ne4 Nb6
22. Qc2 Rad8 23. cxb4 Nxb4 24. Qc3+ f6 25. a3 Bxe4 26. axb4 cxb4 27. Qc7+ Rf7
28. Qxf7+ Kxf7 29. Rxa5 Bxf3 30. Rxa7+ Kg8 31. Bxf3 {Black resigns} 1-0

[Event "Team 45 45 League T75"]
[Site "Internet Chess Club"]
[Date "2018.01.27"]
[Round "6"]
[White "Pawnchain"]
[Black "joaoazm"]
[Result "0-1"]
[WhiteElo "1358"]
[BlackElo "1453"]
[Opening "Sicilian: Grand Prix attack"]
[ECO "B23"]
[Time "18:00:33"]
[TimeControl "2700+45"]

1. e4 c5 2. Nc3 Nc6 3. f4 g6 4. Nf3 Bg7 5. Bb5 Nd4 6. O-O Nxb5 7. Nxb5 d6 8. d3
Bd7 9. Nc3 Nh6 10. Qe1 O-O 11. Qh4 f5 12. e5 Bc6 13. Bd2 Kh8 14. Rae1 d5 15. Ng5
e6 16. Qh3 Qe7 17. Ne2 Rad8 18. a3 Rb8 19. d4 Bb5 20. dxc5 Bxe2 21. Rxe2 Qxc5+
22. Kh1 Rfe8 23. Bb4 Qc4 24. Ref2 Rbc8 25. c3 Qa2 26. Qe3 a5 27. Bxa5 Ng4 28.
Qh3 Nxf2+ 29. Kg1 Nxh3+ 30. gxh3 Kg8 {White resigns} 0-1

[Event "Team 45 45 League T75"]
[Site "Internet Chess Club"]
[Date "2018.01.28"]
[Round "6"]
[White "seattleblues"]
[Black "QuimCatala"]
[Result "0-1"]
[WhiteElo "1358"]
[BlackElo "1195"]
[Opening "QGD Slav: Dutch variation"]
[ECO "D18"]
[Time "20:00:40"]
[TimeControl "2700+45"]

1. d4 Nf6 2. Nf3 d5 3. c4 c6 4. Nc3 dxc4 5. a4 Bf5 6. e3 e6 7. Bxc4 Nbd7 8. O-O
Bb4 9. Re1 Bg4 10. e4 Qb6 11. d5 Ne5 12. Be3 Bxf3 13. gxf3 Qa5 14. Bb3 Rd8 15.
Qe2 cxd5 16. exd5 Bxc3 17. bxc3 Nxd5 18. Bd4 Nc6 19. Be3 Nxc3 20. Qc2 Ne5 21.
Kg2 Ng6 22. Kh1 Nh4 23. Rg1 Nxf3 24. Rxg7 Qc7 25. Rg3 Qc6 26. Rxf3 Qxf3+ 27. Kg1
Rg8+ 28. Kf1 Qh1# {White checkmated} 0-1

[Event "Team 45 45 League T75"]
[Site "Internet Chess Club"]
[Date "2018.01.27"]
[Round "6"]
[White "kabindra"]
[Black "Constrictor"]
[Result "1-0"]
[WhiteElo "1664"]
[BlackElo "1570"]
[Opening "Caro-Kann: two knights, 3...Bg4"]
[ECO "B11"]
[Time "11:01:53"]
[TimeControl "2700+45"]

1. e4 c6 2. Nc3 d5 3. Nf3 Bg4 4. d4 dxe4 5. Nxe4 Bxf3 6. Qxf3 e6 7. Be3 Nd7 8.
Bd3 Ngf6 9. Nxf6+ Nxf6 10. Qg3 Nd5 11. Bd2 Qc7 12. Qxc7 Nxc7 13. c4 O-O-O 14.
Bc3 Be7 15. Be4 Bf6 16. Rd1 Rd7 17. O-O Rhd8 18. Rc1 Bxd4 19. Ba5 Bb6 20. Bc3
Bd4 21. Ba5 g6 22. b3 f5 23. Bf3 e5 24. Rb1 e4 25. Be2 b6 26. Be1 Ne6 27. g3 Bf6
28. c5 Nxc5 29. a4 Nd3 30. Bd2 Nxf2 31. Bf4 Nd3 32. Bd2 c5 33. Kg2 h5 34. h4 Ne5
35. Ba6+ Kb8 36. Bf4 Ka8 37. Bb5 Rd6 38. a5 Kb7 39. a6+ Kc8 40. b4 Rd5 41. bxc5
Rxc5 42. Be3 Rc2+ 43. Rf2 Rxf2+ 44. Bxf2 Nd3 45. Be3 Bd4 46. Bg5 Rd5 47. Bc6 Rc5
48. Bb7+ Kc7 49. Kh1 Rc2 50. Rb5 Nf2+ 51. Kg2 Ng4+ 52. Kf1 e3 53. Bf4+ Kd7 54.
Rd5+ Ke7 55. Rxd4 Nh2+ 56. Ke1 Nf3+ 57. Bxf3 Rc3 58. Ke2 {Black resigns} 1-0

[Event "Team 45 45 League T75"]
[Site "Internet Chess Club"]
[Date "2018.01.28"]
[Round "6"]
[White "crazyhorses"]
[Black "drsigmund1"]
[Result "0-1"]
[WhiteElo "1326"]
[BlackElo "1516"]
[Opening "French: King's Indian attack"]
[ECO "C00"]
[Time "14:31:04"]
[TimeControl "2700+45"]

1. e4 e6 2. d3 d5 3. Nd2 Nf6 4. Ngf3 c5 5. g3 dxe4 6. dxe4 Nc6 7. c3 e5 8. Bg2
Bg4 9. O-O Be7 10. Nc4 Bxf3 {White resigns} 0-1

[Event "Team 45 45 League T75"]
[Site "Internet Chess Club"]
[Date "2018.01.25"]
[Round "6"]
[White "Brazuka"]
[Black "oldprez1"]
[Result "0-1"]
[WhiteElo "1071"]
[BlackElo "1266"]
[Opening "Pirc: Byrne variation"]
[ECO "B07"]
[Time "18:00:14"]
[TimeControl "2700+45"]

1. e4 d6 2. d4 Nf6 3. Nc3 g6 4. Bg5 Bg7 5. Nf3 O-O 6. Bd3 Nc6 7. a3 Nd7 8. O-O
Nxd4 9. Nxd4 Bxd4 10. Ne2 Bxb2 11. Rb1 Bg7 12. Qd2 Re8 13. Bh6 e5 14. Bxg7 Kxg7
15. f4 exf4 16. Rxf4 Ne5 17. Rbf1 Rf8 18. g3 Bh3 19. R1f2 Ng4 20. Qc3+ Kg8 21.
R2f3 c5 22. Bc4 Ne5 23. Bxf7+ Nxf7 24. Qc4 Qd7 25. Nc3 Be6 26. Nd5 Ne5 27. Rxf8+
Rxf8 28. Rxf8+ Kxf8 29. Qf1+ Kg7 30. Qf6+ Kh6 31. Qf8+ Qg7 32. Qf4+ g5 33. Qf6+
Qxf6 34. Nxf6 Kg6 35. Ne8 d5 36. Nc7 Bg4 37. exd5 Bd1 38. d6 Bxc2 39. Kf2 Nd7
40. Ke3 Kf5 41. Kd2 Ba4 42. Kc3 Ke5 43. Kc4 b5+ 44. Nxb5 Bxb5+ 45. Kxb5 Kxd6 46.
a4 Kd5 47. a5 Kd4 48. a6 c4 49. Kc6 Nb6 50. Kb7 Nd5 51. Kxa7 Nc7 {White resigns}
0-1

[Event "Team 45 45 League T75"]
[Site "Internet Chess Club"]
[Date "2018.01.29"]
[Round "6"]
[White "PsyMar"]
[Black "oldbookseller"]
[Result "1-0"]
[WhiteElo "1329"]
[BlackElo "951"]
[Opening "Scotch: Lolli variation"]
[ECO "C44"]
[Time "13:00:43"]
[TimeControl "2700+45"]

1. e4 e5 2. Nf3 Nc6 3. d4 Nxd4 4. Nxe5 Qf6 5. Qxd4 Ne7 6. Nf3 Qc6 7. Bc4 d6 8.
Nc3 Ng6 9. Bb5 Nf4 10. Bxc6+ bxc6 11. Bxf4 {Black resigns} 1-0

[Event "Team 45 45 League T75"]
[Site "Internet Chess Club"]
[Date "2018.01.24"]
[Round "6"]
[White "dabodhi"]
[Black "seattleblues"]
[Result "0-1"]
[WhiteElo "1321"]
[BlackElo "1383"]
[Opening "Caro-Kann: exchange, Rubinstein variation"]
[ECO "B13"]
[Time "21:05:20"]
[TimeControl "2700+45"]

1. e4 c6 2. d4 d5 3. exd5 cxd5 4. Bd3 Nc6 5. c3 Nf6 6. Bf4 Bg4 7. Qb3 Qc8 8. Nd2
e6 9. Ngf3 Be7 10. O-O O-O 11. Ne5 Nxe5 12. Bxe5 a6 13. Qc2 Bf5 14. h3 Bxd3 15.
Qxd3 b5 16. g4 Nd7 17. f4 f6 18. Nf3 fxe5 19. fxe5 Rf4 20. Kh2 Qf8 21. Rf2 Qf7
22. Raf1 Rf8 23. Kg1 Qe8 24. Kg2 R8f7 25. Qc2 Qf8 26. Kg1 Rxf3 {White resigns}
0-1

[Event "Team 45 45 League T75"]
[Site "Internet Chess Club"]
[Date "2018.01.24"]
[Round "6"]
[White "rkjulianjr"]
[Black "Balderdash"]
[Result "1-0"]
[WhiteElo "1287"]
[BlackElo "1223"]
[Opening "QGD: Marshall defense"]
[ECO "D06"]
[Time "13:05:11"]
[TimeControl "2700+45"]

1. d4 d5 2. c4 Nf6 3. cxd5 Nxd5 4. e4 Nb4 5. Qa4+ N8c6 6. d5 Nxd5 7. exd5 Qxd5
8. Nc3 Qe5+ 9. Qe4 Qf6 10. Nf3 Bf5 11. Qa4 Bd7 12. Qf4 Qe6+ 13. Be3 O-O-O 14.
Nb5 Ne5 15. Nxe5 Bxb5 16. Bxb5 Rd5 17. Bd7+ Rxd7 18. Nxd7 Qxd7 19. O-O e6 20.
Rac1 Bd6 21. Qd4 b6 22. Qxg7 Qe8 23. Rfd1 Kb7 24. g3 h5 25. h4 Rg8 26. Qc3 Bxg3
27. fxg3 Rxg3+ 28. Kf2 Rg8 29. Qxc7+ Ka6 30. Rd7 Qa8 31. Qc4+ b5 32. Rd6+ Kb7
33. Qc7# {Black checkmated} 1-0

[Event "Team 45 45 League T75"]
[Site "Internet Chess Club"]
[Date "2018.01.29"]
[Round "6"]
[White "Just-Jim"]
[Black "oldprez1"]
[Result "1-0"]
[WhiteElo "1326"]
[BlackElo "1252"]
[Opening "Pirc: classical, h3 system"]
[ECO "B07"]
[Time "19:00:39"]
[TimeControl "2700+45"]

1. e4 d6 2. d4 Nf6 3. Nc3 g6 4. h3 Bg7 5. Nf3 O-O 6. Be2 Nc6 7. O-O e5 8. d5 Ne7
9. Nh2 Nd7 10. Ng4 f5 11. exf5 Nxf5 12. Ne3 Nb6 13. a4 a5 14. f4 Ng3 15. Rf3
Nxe2+ 16. Nxe2 Bd7 17. Rf1 Nxa4 18. Nc4 b5 19. b3 bxc4 20. bxa4 exf4 21. Ra3 Rb8
22. Nxf4 Rb1 23. Raf3 Bf5 24. Ne6 Bxe6 25. dxe6 Bf6 26. Qd5 Be7 27. Rxf8+ Qxf8
28. Rxf8+ Kxf8 29. Qf3+ Kg7 30. Qf7+ Kh8 31. Qxe7 Rxc1+ 32. Kh2 Rxc2 33. Qf8#
{Black checkmated} 1-0

[Event "Team 45 45 League T75"]
[Site "Internet Chess Club"]
[Date "2018.01.30"]
[Round "6"]
[White "pita"]
[Black "Ticktockman"]
[Result "1-0"]
[WhiteElo "1154"]
[BlackElo "1099"]
[Opening "Queen's pawn game"]
[ECO "D02"]
[Time "10:05:35"]
[TimeControl "2700+45"]

1. d4 d5 2. Nf3 Bg4 3. Ne5 Be6 4. Bf4 g6 5. Qd3 Bg7 6. Qb5+ Nc6 7. Nxc6 bxc6 8.
Qxc6+ Bd7 9. Qxd5 Nf6 10. Qc4 c6 11. Nc3 O-O 12. e4 Nh5 13. Be3 Qc7 14. Be2 Nf6
15. e5 Ne8 16. O-O Be6 17. Qa4 a5 18. Bf3 Ra6 19. Be4 Bf5 20. Bxf5 gxf5 21. Qa3
e6 22. Na4 Ra8 23. Nc5 Qe7 24. Qa4 Qc7 25. Bd2 f6 26. Nxe6 Qd7 27. Nxf8 Kxf8 28.
Bxa5 Qa7 29. Bb4+ Kg8 30. Qxc6 fxe5 31. dxe5 Qa4 32. Qc4+ Kh8 33. Rfe1 Rb8 34.
c3 Qb5 35. Qf7 Qb7 36. Qxf5 Nc7 37. e6 Nd5 38. e7 Re8 39. Qf7 Qa8 40. Bd6 Nf6
41. a4 Ng8 42. Be5 Bxe5 43. Rxe5 Rxe7 44. Rxe7 Nxe7 45. Qxe7 Qb8 46. Rd1 Qb6 47.
Qf8# {Black checkmated} 1-0

[Event "Team 45 45 League T75"]
[Site "Internet Chess Club"]
[Date "2018.01.27"]
[Round "6"]
[White "mongmong"]
[Black "g8wrb"]
[Result "1/2-1/2"]
[WhiteElo "1431"]
[BlackElo "1328"]
[Opening "Queen's pawn: Yusupov-Rubinstein system"]
[ECO "A40"]
[Time "14:00:41"]
[TimeControl "2700+45"]

1. d4 e6 2. Nf3 Nf6 3. e3 b6 4. Bd3 Bb7 5. O-O Bd6 6. Nbd2 c5 7. c3 O-O 8. Qe2
h6 9. e4 Bf4 10. Nc4 Bxc1 11. Raxc1 d5 12. Ncd2 dxe4 13. Nxe4 Bxe4 14. Bxe4 Nxe4
15. Qxe4 Nd7 16. Rfd1 Nf6 17. Qe5 Qb8 18. Qxb8 Raxb8 19. dxc5 bxc5 20. Rc2 Rfd8
21. Rcd2 Rxd2 22. Rxd2 Kf8 23. Kf1 Ke7 24. Ke2 Ne4 25. Rc2 f5 26. Nd2 Nd6 27.
Kd3 e5 28. f3 g5 29. b3 a5 30. g4 Ke6 31. gxf5+ Kxf5 32. Nc4 Nb7 33. Ke3 Rd8 34.
Rd2 Rxd2 35. Nxd2 h5 36. Nf1 h4 37. Nd2 Nd6 38. a3 Nb5 39. Nc4 Nxc3 40. Nxa5
Nd5+ 41. Kf2 e4 42. fxe4+ Kxe4 43. Nc4 Nc7 44. b4 cxb4 45. axb4 Nb5 46. Nd2+ Kf4
47. Nf3 Kg4 48. Ne5+ Kh3 49. Kg1 g4 50. Ng6 g3 51. hxg3 Kxg3 52. Nxh4 Kxh4 53.
Kf2 Kg5 54. Ke3 Kf5 55. Kd3 Ke5 56. Kc4 Nd6+ 57. Kc5 Ne4+ 58. Kc6 Nc3 59. Kc5
Na4+ 60. Kb5 Nc3+ 61. Kc4 Nd5 62. b5 Kd6 63. Kd4 Nb6 {Game drawn by mutual
agreement} 1/2-1/2

[Event "Team 45 45 League T75"]
[Site "Internet Chess Club"]
[Date "2018.01.26"]
[Round "6"]
[White "PsyMar"]
[Black "Toalla"]
[Result "1-0"]
[WhiteElo "1326"]
[BlackElo "1180"]
[Opening "Blackmar-Diemer gambit"]
[ECO "B02"]
[Time "13:03:21"]
[TimeControl "2700+45"]

1. e4 Nf6 2. Nc3 d5 3. d4 Nxe4 4. Nxe4 dxe4 5. f3 e5 6. fxe4 Qh4+ 7. g3 Qxe4+ 8.
Qe2 Qxe2+ 9. Nxe2 exd4 10. Nxd4 Bc5 11. Nb5 Na6 12. Bf4 O-O 13. O-O-O Be6 14.
Kb1 c6 15. Nd6 Bd5 16. Rxd5 cxd5 17. Nxb7 Rfe8 18. Bxa6 Be3 19. Bxe3 Rxe3 20.
Nc5 Rae8 21. Nd3 g5 22. b4 Kg7 23. Bb7 d4 24. Bd5 f6 25. g4 Kg6 26. Rd1 f5 27.
gxf5+ Kxf5 28. Rf1+ Kg4 29. Nf2+ Kf4 30. Nd1+ Ke5 31. Bc6 Kd6 32. Bxe8 Rxe8 33.
Rf6+ Ke5 34. Rf7 Kd5 35. Rxa7 Re1 36. Kc1 Rh1 37. Rxh7 Ke4 38. Kd2 Kf4 39. a4 g4
40. Rh4 Kf3 41. a5 g3 42. hxg3 {Black resigns} 1-0

[Event "Team 45 45 League T75"]
[Site "Internet Chess Club"]
[Date "2018.01.29"]
[Round "6"]
[White "tasawyer81"]
[Black "stantheman59"]
[Result "0-1"]
[WhiteElo "1120"]
[BlackElo "1221"]
[Opening "Queen's pawn, Mason variation"]
[ECO "D00"]
[Time "20:04:59"]
[TimeControl "2700+45"]

1. d4 d5 2. Bf4 Nc6 3. e3 Nf6 4. c3 Bf5 5. Nd2 g6 6. h3 h5 7. Ngf3 Nd7 8. Be2 f6
9. g4 hxg4 10. Nh2 Rxh3 11. f3 g3 12. e4 {White resigns} 0-1

[Event "Team 45 45 League T75"]
[Site "Internet Chess Club"]
[Date "2018.01.29"]
[Round "6"]
[White "rhayder"]
[Black "WzeroMN"]
[Result "1-0"]
[WhiteElo "1202"]
[BlackElo "1127"]
[Opening "Ruy Lopez: Caro variation"]
[ECO "C70"]
[Time "13:07:55"]
[TimeControl "2700+45"]

1. e4 e5 2. Nf3 Nc6 3. Bb5 a6 4. Ba4 b5 5. Bb3 h6 6. c3 Nf6 7. O-O Bc5 8. Re1
Ng4 9. d4 Bb6 10. h3 Nf6 11. Nxe5 Nxe5 12. dxe5 Nh5 13. Qxh5 {Black resigns} 1-0

[Event "Team 45 45 League T75"]
[Site "Internet Chess Club"]
[Date "2018.01.28"]
[Round "6"]
[White "Brazuka"]
[Black "Aquaman"]
[Result "0-1"]
[WhiteElo "1064"]
[BlackElo "1289"]
[Opening "Sicilian: Nimzovich-Rossolimo attack (with ...g6, without ...d6)"]
[ECO "B31"]
[Time "16:01:32"]
[TimeControl "2700+45"]

1. e4 c5 2. Nf3 Nc6 3. Bb5 g6 4. d4 cxd4 5. Bxc6 bxc6 6. Qxd4 Nf6 7. Bg5 Bg7 8.
Bxf6 Bxf6 9. e5 Bg7 10. O-O O-O 11. Qh4 h5 12. Nc3 e6 13. Qxd8 Rxd8 14. Ne4 Rb8
15. b3 Rb5 16. Nf6+ Bxf6 17. exf6 Rf5 18. Ne5 Rxe5 19. Rae1 Rf5 20. h3 Ba6 21.
c4 d5 22. f4 dxc4 23. bxc4 Bxc4 24. Rf2 Rd4 25. g4 hxg4 26. hxg4 Rfxf4 27. Rc1
Bd5 28. Rxf4 Rxf4 29. Rb1 Rxg4+ 30. Kf2 Rf4+ 31. Kg3 Rxf6 {White resigns} 0-1

[Event "Team 45 45 League T75"]
[Site "Internet Chess Club"]
[Date "2018.01.25"]
[Round "6"]
[White "GiantsFan"]
[Black "olivermx"]
[Result "0-1"]
[WhiteElo "1093"]
[BlackElo "1296"]
[Opening "QGD semi-Slav"]
[ECO "D43"]
[Time "18:08:22"]
[TimeControl "2700+45"]

1. d4 d5 2. c4 c6 3. Nf3 Nf6 4. Nc3 e6 5. Bg5 Be7 6. e3 O-O 7. c5 Nbd7 8. Bd3 b6
9. cxb6 axb6 10. a3 Ba6 11. O-O Bxd3 12. Qxd3 c5 13. b4 cxb4 14. axb4 Bxb4 15.
Ne5 Qc7 16. Nxd7 Nxd7 17. Nb5 Qc4 18. Qxc4 dxc4 19. Rfb1 Rxa1 20. Rxa1 Ba5 21.
Nd6 c3 22. Nc4 Ra8 23. Be7 c2 24. Rc1 Bc3 25. Bg5 Ra1 26. Rxa1 Bxa1 27. e4 Bxd4
28. Na3 Bf6 29. Be3 Nc5 30. f3 h6 31. Nxc2 Bg5 32. Bf2 Nd3 33. Bxb6 f5 34. exf5
exf5 35. Be3 Bxe3+ 36. Nxe3 f4 37. Ng4 Kh7 38. g3 fxg3 39. hxg3 g5 40. Kg2 h5
41. Ne5 Nxe5 42. f4 gxf4 43. gxf4 Ng4 44. Kh3 Kh6 45. Kh4 Ne3 46. Kh3 Nd5 47.
Kg3 Kg6 48. Kf3 Kf5 49. Kg3 Nxf4 50. Kh4 Kg6 51. Kg3 Kg5 52. Kh2 Kg4 53. Kg1 Kg3
54. Kh1 Nd3 55. Kg1 h4 56. Kh1 h3 57. Kg1 h2+ 58. Kh1 Nf2# {White checkmated}
0-1

[Event "Team 45 45 League T75"]
[Site "Internet Chess Club"]
[Date "2018.01.27"]
[Round "6"]
[White "oldbookseller"]
[Black "RobertBuice"]
[Result "0-1"]
[WhiteElo "969"]
[BlackElo "1056"]
[Opening "Queen's pawn game"]
[ECO "D00"]
[Time "13:01:04"]
[TimeControl "2700+45"]

1. d4 d5 2. e3 Nc6 3. Nf3 f6 4. Bd3 e5 5. dxe5 Bg4 6. Nbd2 Nxe5 7. O-O Nxd3 8.
cxd3 Bb4 9. Qa4+ Qd7 10. Qxb4 Bxf3 11. Nxf3 O-O-O 12. Nd4 Ne7 13. Nb5 Nc6 14.
Qa4 a6 15. Nc3 Rhe8 16. e4 d4 17. Nd5 Re5 18. Nb6+ cxb6 19. Qb3 Rg5 20. Bxg5
fxg5 21. Rac1 h5 22. Qxb6 h4 23. h3 g4 24. Qa7 gxh3 25. Qa8+ Kc7 26. Qa7 hxg2
27. Rfd1 Qh3 28. Rxc6+ Kxc6 29. Rc1+ Kd6 30. Qxd4+ Ke7 31. Qxg7+ Ke8 32. Qg6+
Kf8 33. Qf6+ Ke8 34. Rc7 Qh1# {White checkmated} 0-1